TOP OF THE 1ST |
Vermont Lake Monsters batting - Pitching for Tri-City ValleyCats : LHP Mike Cobb
|
Pitching: LHP Mike Cobb
|
|
Batting: RHB Bastiaan Leenders
|
0-0: Ball 1-0: Ground out 4-3 (Groundball, 4M, EV 86.9 MPH)
|
Batting: LHB Larry Prey
|
0-0: Called Strike 0-1: Ground out 6-3 (Groundball, 6M, EV 88.1 MPH)
|
Batting: RHB Tony Moran
|
0-0: Ball 1-0: Ball 2-0: Ball 3-0: Base on Balls
|
Batting: LHB Billy Schultz
|
0-0: Ball 1-0: Foul Ball, location: 2F 1-1: SINGLE (Groundball, 34S, EV 70.0 MPH) (infield hit) Tony Moran to second
|
Batting: RHB Jose Marquez
|
0-0: Ball 1-0: Foul Ball, location: 2F 1-1: Ball 2-1: Ball 3-1: Base on Balls Tony Moran to third Billy Schultz to second
|
Batting: SHB Mike Jorgenson
|
0-0: Ball 1-0: Ball Passed Ball! Tony Moran scores Billy Schultz to third Jose Marquez to second 2-0: Called Strike 2-1: Ground out 6-3 (Groundball, 6, EV 85.0 MPH)
|
Top of the 1st over - 1 run, 1 hit, 0 errors, 2 left on base; Vermont 1 - Tri-City 0 |
BOTTOM OF THE 1ST |
Tri-City ValleyCats batting - Pitching for Vermont Lake Monsters : RHP C.J. Ledger
|
Pitching: RHP C.J. Ledger
|
|
Batting: RHB Masaru Konno
|
0-0: Swinging Strike 0-1: Foul Ball, location: 2F 0-2: Fly out, F9 (Flyball, 89S, EV 94.4 MPH)
|
Batting: RHB Sam Spohn
|
0-0: Fly out, F3 (Popup, 3SF, EV 75.0 MPH)
|
Batting: RHB Gavin Jones
|
0-0: Fly out, F7 (Flyball, 78M, EV 88.8 MPH)
|
Bottom of the 1st over - 0 runs, 0 hits, 0 errors, 0 left on base; Vermont 1 - Tri-City 0 |
TOP OF THE 2ND |
Vermont Lake Monsters batting - Pitching for Tri-City ValleyCats : LHP Mike Cobb
|
Batting: RHB Fathi Addae
|
0-0: Ball 1-0: Ball 2-0: Called Strike 2-1: Ball 3-1: Called Strike 3-2: Foul Ball, location: 2F 3-2: Foul Ball, location: 2F 3-2: Base on Balls
|
Batting: RHB Antonio Bautista
|
0-0: Called Strike 0-1: Ball 1-1: Foul Ball, location: 2F 1-2: Ball 2-2: Ball 3-2: Foul Ball, location: 2F 3-2: Strikes out swinging
|
Batting: LHB Raita Inouye
|
0-0: Ball 1-0: Ball 2-0: Swinging Strike 2-1: Ball Wild Pitch! Fathi Addae to second 3-1: Foul Ball, location: 2F 3-2: Strikes out swinging
|
Batting: RHB Bastiaan Leenders
|
0-0: Swinging Strike 0-1: Ball 1-1: Ground out U3 (Groundball, 34S, EV 81.9 MPH)
|
Top of the 2nd over - 0 runs, 0 hits, 0 errors, 1 left on base; Vermont 1 - Tri-City 0 |
BOTTOM OF THE 2ND |
Tri-City ValleyCats batting - Pitching for Vermont Lake Monsters : RHP C.J. Ledger
|
Batting: LHB Josh Birkner
|
0-0: Called Strike 0-1: Called Strike 0-2: Foul Ball, location: 2F 0-2: Strikes out swinging
|
Batting: RHB Chris McGrath
|
0-0: Ball 1-0: Fly out, F3 (Popup, 3SF, EV 79.4 MPH)
|
Batting: RHB Ryan Salas
|
0-0: Called Strike 0-1: Foul Ball, location: 2F 0-2: Foul Ball, location: 2F 0-2: Ball 1-2: Foul Ball, location: 2F 1-2: Ball 2-2: Foul Ball, location: 2F 2-2: Strikes out swinging
|
Bottom of the 2nd over - 0 runs, 0 hits, 0 errors, 0 left on base; Vermont 1 - Tri-City 0 |
TOP OF THE 3RD |
Vermont Lake Monsters batting - Pitching for Tri-City ValleyCats : LHP Mike Cobb
|
Batting: LHB Larry Prey
|
0-0: Ball 1-0: Ball 2-0: Called Strike 2-1: Hit by Pitch
|
Batting: RHB Tony Moran
|
0-0: Ball 1-0: Swinging Strike 1-1: Called Strike Larry Prey steals 2nd base 1-2: Strikes out swinging, 2-3 out at first.
|
Batting: LHB Billy Schultz
|
0-0: Ball Larry Prey steals 3rd base 1-0: Swinging Strike 1-1: Ball 2-1: Foul Ball, location: 2F 2-2: Ball 3-2: Strikes out swinging
|
Batting: RHB Jose Marquez
|
0-0: Ball 1-0: Fly out, F8 (Flyball, 8LS, EV 84.4 MPH)
|
Top of the 3rd over - 0 runs, 0 hits, 0 errors, 1 left on base; Vermont 1 - Tri-City 0 |
BOTTOM OF THE 3RD |
Tri-City ValleyCats batting - Pitching for Vermont Lake Monsters : RHP C.J. Ledger
|
Batting: LHB Lou Toth
|
0-0: Foul Ball, location: 2F 0-1: Ball 1-1: Swinging Strike 1-2: Strikes out looking
|
Pitching: RHP Theodore Behr
|
|
Batting: RHB Workneh Lagat
|
0-0: Foul Ball, location: 2F 0-1: Ball 1-1: Ground out 6-3 (Groundball, 6, EV 80.6 MPH)
|
Batting: LHB Josiah Leath
|
0-0: Called Strike 0-1: Ball 1-1: Ball 2-1: Foul Ball, location: 2F 2-2: TRIPLE (Line Drive, 78XD, EV 107.5 MPH)
|
Batting: RHB Masaru Konno
|
0-0: Foul Ball, location: 2F 0-1: Foul Ball, location: 2F 0-2: Ball 1-2: Strikes out looking
|
Bottom of the 3rd over - 0 runs, 1 hit, 0 errors, 1 left on base; Vermont 1 - Tri-City 0 |
TOP OF THE 4TH |
Vermont Lake Monsters batting - Pitching for Tri-City ValleyCats : LHP Mike Cobb
|
Batting: SHB Mike Jorgenson
|
0-0: Ball 1-0: Fly out, F9 (Flyball, 9D, EV 100.0 MPH)
|
Batting: RHB Fathi Addae
|
0-0: Ball 1-0: Ball 2-0: Ball 3-0: Called Strike 3-1: Foul Ball, location: 2F 3-2: Ground out 6-3 (Groundball, 6, EV 103.8 MPH)
|
Batting: RHB Antonio Bautista
|
0-0: Ball 1-0: Ball 2-0: DOUBLE (Groundball, 5L, EV 101.2 MPH)
|
Batting: LHB Raita Inouye
|
0-0: Ball 1-0: Foul Ball, location: 2F 1-1: Called Strike 1-2: Strikes out swinging
|
Top of the 4th over - 0 runs, 1 hit, 0 errors, 1 left on base; Vermont 1 - Tri-City 0 |
BOTTOM OF THE 4TH |
Tri-City ValleyCats batting - Pitching for Vermont Lake Monsters : RHP Theodore Behr
|
Batting: RHB Sam Spohn
|
0-0: Ball 1-0: Swinging Strike 1-1: Foul Ball, location: 2F 1-2: Ball 2-2: Ball 3-2: Fly out, F7 (Flyball, 7LS, EV 88.1 MPH)
|
Batting: RHB Gavin Jones
|
0-0: Ball 1-0: Ball 2-0: Ground out 5-3 (Groundball, 56, EV 88.8 MPH)
|
Batting: LHB Josh Birkner
|
0-0: Ball 1-0: Foul Ball, location: 2F 1-1: Ball 2-1: Foul Ball, location: 2F 2-2: Ground out 4-3 (Groundball, 34, EV 108.8 MPH)
|
Bottom of the 4th over - 0 runs, 0 hits, 0 errors, 0 left on base; Vermont 1 - Tri-City 0 |
TOP OF THE 5TH |
Vermont Lake Monsters batting - Pitching for Tri-City ValleyCats : LHP Mike Cobb
|
Batting: RHB Bastiaan Leenders
|
0-0: Ball 1-0: Called Strike 1-1: Ball 2-1: SINGLE (Groundball, 34D, EV 101.2 MPH)
|
Batting: LHB Larry Prey
|
0-0: Ball 1-0: Ball 2-0: Called Strike 2-1: Foul Ball, location: 2F 2-2: Strikes out looking
|
Batting: RHB Tony Moran
|
0-0: Swinging Strike 0-1: Called Strike Bastiaan Leenders steals 2nd base 0-2: Foul Ball, location: 2F 0-2: Foul Ball, location: 2F 0-2: SINGLE (Line Drive, 4D, EV 99.4 MPH) Bastiaan Leenders to third Runner from 3rd tries for Home, throw by RF and OUT! 9-2
|
Batting: LHB Billy Schultz
|
0-0: Ball 1-0: Called Strike 1-1: Ball 2-1: Ball 3-1: Base on Balls Tony Moran to second
|
Batting: RHB Jose Marquez
|
0-0: Ball 1-0: Called Strike 1-1: Foul Ball, location: 2F 1-2: Strikes out swinging
|
Top of the 5th over - 0 runs, 2 hits, 0 errors, 2 left on base; Vermont 1 - Tri-City 0 |
BOTTOM OF THE 5TH |
Tri-City ValleyCats batting - Pitching for Vermont Lake Monsters : RHP Theodore Behr
|
Batting: RHB Chris McGrath
|
0-0: Called Strike 0-1: Foul Ball, location: 2F 0-2: Strikes out swinging
|
Batting: RHB Ryan Salas
|
0-0: Swinging Strike 0-1: Ball 1-1: Ball 2-1: Called Strike 2-2: Strikes out swinging
|
Batting: LHB Lou Toth
|
0-0: Called Strike 0-1: Ball 1-1: Ball 2-1: Ground out 4-3 (Groundball, 4, EV 88.8 MPH)
|
Bottom of the 5th over - 0 runs, 0 hits, 0 errors, 0 left on base; Vermont 1 - Tri-City 0 |
TOP OF THE 6TH |
Vermont Lake Monsters batting - Pitching for Tri-City ValleyCats : LHP Mike Cobb
|
Batting: SHB Mike Jorgenson
|
0-0: Ball 1-0: DOUBLE (Flyball, 89D, EV 107.5 MPH)
|
Batting: RHB Fathi Addae
|
0-0: Ball 1-0: Foul Ball, location: 2F 1-1: Ball 2-1: Ball 3-1: Foul Ball, location: 2F 3-2: Base on Balls
|
Pitching: RHP Brent Burk
|
|
Batting: RHB Antonio Bautista
|
0-0: Called Strike 0-1: Ball 1-1: Swinging Strike 1-2: Hit by Pitch Mike Jorgenson to third Fathi Addae to second
|
Batting: LHB Raita Inouye
|
0-0: Called Strike 0-1: Ball 1-1: Grounds into fielders choice 3-2 (Groundball, 3S, EV 70.0 MPH) Fathi Addae to third Antonio Bautista to second
|
Batting: RHB Bastiaan Leenders
|
0-0: Called Strike 0-1: Grounds into fielders choice 4-2 (Groundball, 4, EV 103.1 MPH) Antonio Bautista to third Raita Inouye to second
|
Batting: LHB Larry Prey
|
0-0: Ball 1-0: Foul Ball, location: 2F 1-1: Fly out, F7 (Flyball, 7, EV 84.4 MPH)
|
Top of the 6th over - 0 runs, 1 hit, 0 errors, 3 left on base; Vermont 1 - Tri-City 0 |
BOTTOM OF THE 6TH |
Tri-City ValleyCats batting - Pitching for Vermont Lake Monsters : RHP Theodore Behr
|
Batting: RHB Workneh Lagat
|
0-0: Called Strike 0-1: Foul Ball, location: 2F 0-2: Ball 1-2: Strikes out looking
|
Batting: LHB Josiah Leath
|
0-0: Foul Ball, location: 2F 0-1: Ball 1-1: Foul Ball, location: 2F 1-2: Strikes out looking
|
Batting: RHB Masaru Konno
|
0-0: Ball 1-0: Called Strike 1-1: Ball 2-1: Swinging Strike 2-2: Ground out 5-3 (Groundball, 56, EV 78.8 MPH)
|
Bottom of the 6th over - 0 runs, 0 hits, 0 errors, 0 left on base; Vermont 1 - Tri-City 0 |
TOP OF THE 7TH |
Vermont Lake Monsters batting - Pitching for Tri-City ValleyCats : RHP Brent Burk
|
Pitching: RHP Manny Valero
|
|
Batting: RHB Tony Moran
|
0-0: Ball 1-0: Ground out 6-3 (Groundball, 6, EV 93.8 MPH)
|
Batting: LHB Billy Schultz
|
0-0: Swinging Strike 0-1: Ball 1-1: Ground out U3 (Groundball, 34, EV 84.4 MPH)
|
Batting: RHB Jose Marquez
|
0-0: Ball 1-0: Foul Ball, location: 2F 1-1: Ball 2-1: Swinging Strike 2-2: Ball 3-2: Ground out 4-3 (Groundball, 4, EV 83.1 MPH)
|
Top of the 7th over - 0 runs, 0 hits, 0 errors, 0 left on base; Vermont 1 - Tri-City 0 |
BOTTOM OF THE 7TH |
Tri-City ValleyCats batting - Pitching for Vermont Lake Monsters : RHP Theodore Behr
|
Pitching: LHP David Noffsinger
|
|
Batting: RHB Sam Spohn
|
0-0: Called Strike 0-1: Foul Ball, location: 2F 0-2: Ball 1-2: Ball 2-2: Ball 3-2: Base on Balls
|
Batting: RHB Gavin Jones
|
0-0: Foul Ball, location: 2F 0-1: Called Strike 0-2: Ball 1-2: Ball 2-2: Ball 3-2: DOUBLE (Flyball, 78XD, EV 111.2 MPH) Sam Spohn to third Sam Spohn scores
|
Batting: RHB Jordan Williams
|
0-0: Ball 1-0: Called Strike 1-1: Swinging Strike 1-2: Ball 2-2: Strikes out swinging
|
Batting: RHB Chris McGrath
|
0-0: Ball 1-0: Swinging Strike 1-1: Ball 2-1: Fly out, F7 (Line Drive, 7D, EV 86.9 MPH)
|
Batting: RHB Ryan Salas
|
0-0: Called Strike 0-1: Foul Ball, location: 2F 0-2: Strikes out swinging
|
Bottom of the 7th over - 1 run, 1 hit, 0 errors, 1 left on base; Vermont 1 - Tri-City 1 |
TOP OF THE 8TH |
Vermont Lake Monsters batting - Pitching for Tri-City ValleyCats : RHP Manny Valero
|
Pitching: RHP Nick Schweer
|
|
Batting: SHB Mike Jorgenson
|
0-0: Called Strike 0-1: Ball 1-1: Ball 2-1: Ground out U3 (Groundball, 3, EV 84.4 MPH)
|
Batting: RHB Fathi Addae
|
0-0: Ball 1-0: Ball 2-0: Called Strike 2-1: Foul Ball, location: 2F 2-2: Ball 3-2: Base on Balls
|
Pinch Hitting: LHB Oscar Rodriguez
|
0-0: Grounds into double play, 4-6-3 (Groundball, 34, EV 99.4 MPH)
|
Top of the 8th over - 0 runs, 0 hits, 0 errors, 0 left on base; Vermont 1 - Tri-City 1 |
BOTTOM OF THE 8TH |
Tri-City ValleyCats batting - Pitching for Vermont Lake Monsters : LHP David Noffsinger
|
Pitching: RHP Adrian Frazier
|
|
Now at C: Brian Rathbun
|
|
Batting: LHB Lou Toth
|
0-0: Foul Ball, location: 2F 0-1: Foul Ball, location: 2F 0-2: Ball 1-2: Strikes out swinging
|
Pinch Hitting: LHB Bob Dietz
|
0-0: Called Strike 0-1: Ball 1-1: Foul Ball, location: 2F 1-2: Strikes out swinging
|
Batting: LHB Josiah Leath
|
0-0: Ball 1-0: Called Strike 1-1: Swinging Strike 1-2: Ball 2-2: Ball 3-2: Fly out, F5 (Popup, 56, EV 61.2 MPH)
|
Bottom of the 8th over - 0 runs, 0 hits, 0 errors, 0 left on base; Vermont 1 - Tri-City 1 |
TOP OF THE 9TH |
Vermont Lake Monsters batting - Pitching for Tri-City ValleyCats : RHP Nick Schweer
|
Now at 3B: To-wai Chen
|
|
Batting: LHB Raita Inouye
|
0-0: Ball 1-0: Ground out 6-3 (Groundball, 6, EV 99.4 MPH)
|
Batting: RHB Bastiaan Leenders
|
0-0: Fly out, F7 (Line Drive, 7, EV 89.4 MPH)
|
Batting: LHB Larry Prey
|
0-0: Ball 1-0: Swinging Strike 1-1: Ball 2-1: SINGLE (Groundball, 34D, EV 96.9 MPH)
|
Batting: RHB Tony Moran
|
0-0: Ball 1-0: Fielders Choice at 2nd, 6-4 (Groundball, 6, EV 100.6 MPH)
|
Top of the 9th over - 0 runs, 1 hit, 0 errors, 1 left on base; Vermont 1 - Tri-City 1 |
BOTTOM OF THE 9TH |
Tri-City ValleyCats batting - Pitching for Vermont Lake Monsters : RHP Adrian Frazier
|
Pitching: RHP Harry Barnes
|
|
Batting: RHB Masaru Konno
|
0-0: SINGLE (Groundball, 34S, EV 75.0 MPH) (infield hit)
|
Batting: RHB Sam Spohn
|
0-0: Ball 1-0: Bunt missed! 1-1: Bunted foul 1-2: Ball 2-2: Foul Ball, location: 2F 2-2: Foul Ball, location: 2F 2-2: Foul Ball, location: 2F 2-2: Ground out 5-3 (Groundball, 56S, EV 80.0 MPH) Masaru Konno to second
|
Batting: RHB Gavin Jones
|
0-0: Intentional Walk
|
Batting: RHB Jordan Williams
|
0-0: Ball 1-0: Ball Masaru Konno steals 3rd base Gavin Jones to second 2-0: Foul Ball, location: 2F 2-1: Fly out, F9 (Line Drive, 9, EV 90.6 MPH) Runner from 3rd tags up, SCORES, no throw by RF
|
Bottom of the 9th over - 1 run, 1 hit, 0 errors, 0 left on base; Vermont 1 - Tri-City 2 |
GAME OVER ... TRI |
City defeats Vermont, 2 to 1
|
|
|